 Dungeon Crawl Stone Soup version 0.24-a0-350-g5b3daab8ba (webtiles) character file.

Game seed: 8044786801721370211

60 tsouns the Ducker (level 3, -1/19 HPs)
             Began as a Spriggan Berserker on May 23, 2019.
             Was a Believer of Trog.
             Killed from afar by Sigmund (7 damage)
             ... with a magic dart
             ... on level 2 of the Dungeon.
             The game lasted 00:02:37 (1688 turns).

tsouns the Ducker (Spriggan Berserker)              Turns: 1688, Time: 00:02:38

Health: -1/19      AC:  4    Str: 14    XL:     3   Next: 80%
Magic:  4/4        EV: 19    Int: 10    God:    Trog [**....]
Gold:   80         SH:  0    Dex: 15    Spells: 2/2 levels left

rFire    . . .     SeeInvis +   o - +0 dagger (elec)
rCold    . . .     Gourm    .   (shield restricted)
rNeg     . . .     Faith    .   b - +0 animal skin
rPois    .         Spirit   .   (helmet restricted)
rElec    .         Reflect  .   (no cloak)
rCorr    .         Harm     .   (gloves unavailable)
MR       .....                  (boots unavailable)
Stlth    +.........             (no amulet)
HPRegen  0.06/turn              (no ring)
MPRegen  0.09/turn              (no ring)

@: confused, berserk cooldown, slowed, quick
A: very small, unfitting armour, iridescent scales 1, see invisible, clever 1,
herbivore, speed 3, slow metabolism 2
a: Berserk, Trog's Hand, Renounce Religion


You were on level 2 of the Dungeon.
You worshipped Trog.
Trog was pleased with you.
You were not hungry.

You visited 1 branch of the dungeon, and saw 2 of its levels.

You collected 80 gold pieces.

Inventory:

Hand Weapons
 a - a +0 short sword
 g - a +2 dagger of holy wrath
 o - a +0 dagger of electrocution (weapon)
Missiles
 i - 74 stones (quivered)
 j - 41 poisoned darts
Armour
 b - a +0 animal skin (worn)
Scrolls
 f - a scroll of enchant armour {unknown}
 h - a scroll of teleportation {unknown}
 k - a scroll of fog {unknown}
 l - a scroll of fear {unknown}
 m - a scroll of amnesia {unknown}
 n - a scroll of identify {unknown}
 q - a scroll of immolation {unknown}
Potions
 p - a potion of curing {unknown}
Comestibles
 c - 4 rations


   Skills:
 - Level 2.4 Fighting
 + Level 4.1 Short Blades
 + Level 1.3 Throwing
 - Level 4.4 Dodging
 + Level 3.4 Stealth


You had 2 spell levels left.
You didn't know any spells.
Your spell library was empty.

Dungeon Overview and Level Annotations

Branches:
Dungeon (2/15)

Altars:

Annotations:
D:2 Sigmund


Innate Abilities, Weirdness & Mutations

You are very small and have problems with some larger weapons.
You are too small for most types of armour.
You have supernaturally acute eyesight. (SInv)
You are a herbivore.
You cover ground extremely quickly.
You need to consume almost no food.
You are partially covered in iridescent scales. (AC +2)
Your mind is acute. (Int +2)


Message History

Okay, then.
It was a potion of heal wounds.
You feel much better. Sigmund closely misses you.
You bump into the rock wall.
You feel less confused. Sigmund gestures at you while chanting.
You resist with some effort.
You fail to use your ability.
Sigmund gestures at you while chanting.
You are confused.
You're too confused!
Sigmund points at you and mumbles some strange words.
The puff of flame hits you.
Sigmund hits you with a +4 scythe of slicing!
It was a potion of mutation.
You feel extremely strange.
Iridescent scales grow over part of your body.
You feel clever.
Sigmund points at you and mumbles some strange words.
The magic dart hits you!
You die...

########### #.........#
#.........#
#..>......######## ###
###........@@......%
..#
#.+.........###.####
..# #.#.............
..####.#..............
.......+..............?
..#..#.#...............
.....#.#.........###.##
..........#........ ..
..#..#..........#...


You could see Sigmund.

Vanquished Creatures
  2 adders (D:2)
  A leopard gecko (D:1)
  A ball python (D:1)
  A giant cockroach (D:2)
  8 goblins
  8 hobgoblins
  2 jackals (D:1)
  4 kobolds
  5 bats
  4 frilled lizards (D:1)
  A rat (D:1)
37 creatures vanquished.

Notes
Turn   | Place    | Note
-------+----------+-------------------------------------------
     0 | D:1      | tsouns the Spriggan Berserker began the quest for the Orb.
     0 | D:1      | Reached XP level 1. HP: 11/11 MP: 2/2
    18 | D:1      | Reached skill level 1 in Stealth
   273 | D:1      | Reached XP level 2. HP: 16/16 MP: 3/3
   723 | D:1      | Reached ** piety under Trog
   759 | D:1      | Reached XP level 3. HP: 11/19 MP: 4/4
  1423 | D:2      | Reached skill level 1 in Throwing
  1675 | D:2      | Noticed Sigmund
  1688 | D:2      | Gained mutation: You are partially covered in iridescent
                  | scales. (AC +2) [potion of mutation]
  1688 | D:2      | Gained mutation: Your mind is acute. (Int +2) [potion of
                  | mutation]
  1688 | D:2      | Killed from afar by Sigmund

Levels and vault maps discovered:
D:1:      scummos_arrival_hexagon, layout_loops_corners
D:2:      layout_basic, amethyst_overflow_temple_binary, uniq_jessica,
          uniq_sigmund

Skill      XL: |  1  2  3 |
---------------+----------+-----
Stealth        | 1 2 3 |  3.4
Short Blades   | 4 |  4.1
Throwing       | 1 |  1.3
Fighting       | |  2.4
Dodging        | |  4.4

Action                   || total
-------------------------++-------
Melee: Short sword       ||    33
       Dagger            ||    85
Invok: Berserk           ||     1
  Use: Potion            ||     2
 Stab: Sleeping          ||     7
Armor: Animal skin       ||     5
Dodge: Dodged            ||    77

Table legend:
 A = Non-vault XP
 B = Vault XP
 C = Vault XP percentage of total XP
 D = Non-vault monster count
 E = Vault monster count
 F = Vault count percentage of total count
                 A         B        C        D         E       F
            +---------+---------+-------+---------+---------+-------
      Total |      86 |       0 |   0.0 |      37 |       0 |   0.0
            +---------+---------+-------+---------+---------+-------
        D:1 |      51 |       0 |   0.0 |      29 |       0 |   0.0
        D:2 |      35 |       0 |   0.0 |       8 |       0 |   0.0
            +---------+---------+-------+---------+---------+-------
